 Dungeon Crawl Stone Soup version 0.26-a0-542-gbaa144ba5c (webtiles) character file.

Game seed: 16786720290929537548

710 Aksej the Chopper (level 7, -3/85 HPs)
             Began as a Demonspawn Gladiator on Aug 17, 2020.
             Slain by Prince Ribbit (6 damage)
             ... on level 5 of the Dungeon.
             The game lasted 00:10:55 (4526 turns).

Aksej the Chopper (Demonspawn Gladiator)            Turns: 4526, Time: 00:10:55

Health: -3/85      AC: 23    Str: 14    XL:     7   Next: 40%
Magic:  0/10       EV:  2    Int:  9    God:
Gold:   156        SH:  0    Dex: 17    Spells: 9/10 levels left

rFire    . . .     SeeInvis .   a - +1 war axe
rCold    . . .     Faith    .   (no shield)
rNeg     + + +     Spirit   +   (armour currently unavailable)
rPois    +         Reflect  .   (helmet currently unavailable)
rElec    .         Harm     .   (cloak currently unavailable)
rCorr    .         NoTele   +   (gloves currently unavailable)
MR       .....                  (boots currently unavailable)
Stlth    ++........             (no amulet)
HPRegen  0.24/turn              (no ring)
MPRegen  0.12/turn              (no ring)

@: tree-form, hasted, very quick
A: robust 1, magic shield
a: no special abilities


You were on level 5 of the Dungeon.
You were a tree.
You visited 1 branch of the dungeon, and saw 7 of its levels.

You collected 156 gold pieces.

Inventory:

Hand Weapons
 a - a +1 war axe (weapon)
Missiles
 o - 5 boomerangs (quivered)
Armour
 b - a +0 leather armour (melded)
 g - a cursed +0 pair of gloves (melded)
 i - a +0 cloak (melded)
 m - a +1 helmet (melded)
Scrolls
 e - a scroll of remove curse
 k - a scroll of identify
 n - a scroll of teleportation
 p - a scroll of amnesia
Potions
 f - a potion of heal wounds {unknown}
 h - 4 potions of curing
 j - a potion of cancellation
 l - a potion of degeneration {unknown}


   Skills:
 + Level 3.4 Fighting
 * Level 4.7 Axes
 + Level 3.3 Throwing
 + Level 2.2 Armour
 + Level 3.8 Dodging
 + Level 2.3 Spellcasting
 + Level 1.3 Transmutations


You had 9 spell levels left.
You knew the following spells:

 Your Spells              Type           Power        Failure   Level
a - Beastly Appendage     Tmut           #.....       19%         1

Your spell library contained the following spells:

 Spells                   Type           Power        Failure   Level
 Wereblood                Tmut           #.......     28%         2
 Spider Form              Tmut/Pois      #.........   58%         3
 Ice Form                 Ice/Tmut       #.......     94%         4
 Blade Hands              Tmut           #.........   99%         5


Dungeon Overview and Level Annotations

Branches:
Dungeon (7/15)             Temple (0/1) D:4

Altars:
Gozag
Nemelex Xobeh
Zin

Shops:
D:3 *   D:7 [

Annotations:
D:5 Prince Ribbit


Innate Abilities, Weirdness & Mutations

((You have hoof-like feet.))
((You are partially covered in thin metallic scales. (AC +2)))
When hurt, damage is shared between your health and your magic reserves.
((Armour fits poorly on your strangely shaped body.))
You are robust. (+10% HP)


Message History

The bullfrog zombie is almost destroyed.
The bullfrog zombie hits you but does no damage.
You closely miss the bullfrog zombie.
The bullfrog zombie is almost destroyed.
You hit Prince Ribbit.
The bullfrog zombie hits you but does no damage.
Prince Ribbit hits you but does no damage.
You miss Prince Ribbit.
Prince Ribbit is lightly wounded.
You hit the bullfrog zombie.
You destroy the bullfrog zombie!
Prince Ribbit hits you but does no damage.
You slash Prince Ribbit!
Prince Ribbit is heavily wounded.
Prince Ribbit hits you!
* * * LOW HITPOINT WARNING * * *
You miss Prince Ribbit.
Prince Ribbit is moderately wounded.
Prince Ribbit hits you!
You die...

####### ..... ....
#.. #)##########
...#.#♣##........
.......F......#
..#.###.##.##.##
#.......#..# #
#.......##.#####.#
...#.##............
..#.............##
#....#.######..#.#
...#... ##.#.#


You could see Prince Ribbit.

Vanquished Creatures
  2 ogres
  A necrophage (D:7)
  A howler monkey (D:6)
  A quasit (D:3)
  A bullfrog zombie (D:5)
  A hound (D:6)
  2 orc priests
  Natasha (thrice) (D:2)
  A worker ant (D:7)
  9 adders
  A worm (D:2)
  2 dart slugs
  3 leopard geckos
  7 orcs
  7 bats
  5 giant cockroaches
  11 hobgoblins
  7 jackals (D:2)
  6 kobolds
  A quokka (D:3)
  3 ball pythons (D:2)
  A frilled lizard (D:4)
  A goblin (D:2)
  14 rats
  A bush (D:1)
  A plant (D:1)
93 creatures vanquished.

Notes
Turn   | Place    | Note
-------+----------+-------------------------------------------
     0 | D:1      | Aksej the Demonspawn Gladiator began the quest for the Orb.
     0 | D:1      | Reached XP level 1. HP: 16/16 MP: 1/1
   219 | D:1      | Gained mutation: When hurt, damage is shared between your
                  | health and your magic reserves. [demonic ancestry]
   219 | D:1      | Reached XP level 2. HP: 22/22 MP: 2/2
   473 | D:1      | Reached skill level 3 in Axes
  1200 | D:2      | Gained mutation: You have large cloven feet. [demonic
                  | ancestry]
  1200 | D:2      | Reached XP level 3. HP: 24/27 MP: 3/3
  1449 | D:2      | Noticed Natasha
  1460 | D:2      | Killed Natasha
  1460 | D:2      | Reached skill level 1 in Armour
  1460 | D:2      | Reached XP level 4. HP: 18/34 MP: 2/5
  1715 | D:2      | Noticed Natasha
  1721 | D:2      | Killed Natasha
  1721 | D:2      | Reached skill level 1 in Spellcasting
  1956 | D:2      | Gained mutation: You are partially covered in thin metallic
                  | scales. (AC +2) [demonic ancestry]
  1956 | D:2      | Reached XP level 5. HP: 23/39 MP: 6/6
  2282 | D:2      | Noticed Natasha
  2296 | D:2      | Killed Natasha
  2853 | D:2      | Gained mutation: Armour fits poorly on your strangely
                  | shaped body. [potion of mutation]
  2853 | D:2      | Gained mutation: You are robust. (+10% HP) [potion of
                  | mutation]
  2940 | D:3      | Reached skill level 4 in Axes
  3001 | D:3      | Learned a level 1 spell: Beastly Appendage
  3126 | D:3      | Found a glowing silver altar of Zin.
  3253 | D:3      | Found a sparkling altar of Nemelex Xobeh.
  3439 | D:3      | HP: 1/44 [orc priest/+0 mace (3)]
  3441 | D:3      | Gained mutation: You have hoof-like feet. [demonic
                  | ancestry]
  3441 | D:3      | Reached XP level 6. HP: 2/51 MP: 0/8
  3836 | D:3      | Found an opulent altar of Gozag.
  3837 | D:3      | Found Gozag's Platinum Reserve.
  4009 | D:4      | Found a staircase to the Ecumenical Temple.
  4013 | D:4      | You fall into a shaft and drop 3 floors!
  4043 | D:7      | Found Coum's Antique Armour Shop.
  4098 | D:6      | Reached skill level 1 in Transmutations
  4098 | D:6      | Reached XP level 7. HP: 8/57 MP: 3/10
  4386 | D:5      | Entered Level 5 of the Dungeon
  4506 | D:5      | Noticed Prince Ribbit
  4525 | D:5      | HP: 3/85 [Prince Ribbit (7)]
  4526 | D:5      | Slain by Prince Ribbit

Illustrated notes

Levels and vault maps discovered:
D:1:      dpeg_arrival_simpleton_c, layout_loops_ring, serial_forest,
          infiniplex_forest_straight_2, infiniplex_forest_clump_small,
          infiniplex_forest_straight_2, infiniplex_forest_straight_1,
          infiniplex_forest_straight_4, infiniplex_forest_lined_1,
          infiniplex_forest_end_2, infiniplex_forest_corner_1,
          infiniplex_forest_clump_small, grunt_decor_one_mirror
D:2:      minmay_skewed_foursquare, layout_loops_ring, minmay_rat_gold_closets,
          uniq_natasha
D:3:      layout_basic, lemuel_crystal_altar, zin_academy,
          nicolae_gozag_zags_fifth_avenue
D:4:      layout_loops_cross, kennysheep_vampire_church,
          gammafunk_temple_overflow_claw, minmay_temple_entry_junction_2,
          serial_shops, shop_fountains, grunt_ministairs_14, uniq_robin
D:5:      layout_basic, nicolae_ru_sacrificial_ziggurat,
          gammafunk_temple_overflow_statue, serial_shops, shop,
          minmay_misc_feat_pillars, uniq_prince_ribbit1
D:6:      layout_loops_ring, marbit_many_paths, uniq_eustachio
D:7:      layout_basic, serial_shops, kennysheep_mini_moat, tso_altar

Skill      XL: |  1  2  3  4  5  6 |
---------------+-------------------+-----
Axes           | 3 4 |  4.7
Throwing       | 2 3 |  3.3
Dodging        | 3 |  3.8
Armour         | 1 2 |  2.2
Spellcasting   | 1 2 |  2.3
Fighting       | 3 |  3.4
Transmutations | 1 |  1.3

Action                   |  1- 3 |  4- 6 |  7- 9 || total
-------------------------+-------+-------+-------++-------
Melee: War axe           |   159 |   162 |    30 ||   351
       Kick              |     6 |    37 |     7 ||    50
Throw: Throwing net      |       |     5 |       ||     5
       Boomerang         |       |       |     1 ||     1
  Use: Scroll            |     5 |     5 |       ||    10
       Potion            |     3 |     3 |     2 ||     8
 Stab: Held in net/web   |       |     2 |       ||     2
       Distracted        |       |       |     1 ||     1
Armor: Leather armour    |    16 |    59 |     3 ||    78
       Skin              |       |       |     9 ||     9
Dodge: Dodged            |    41 |   107 |    15 ||   163

Table legend: (Time is in decaauts)
 A = Elapsed time spent in this place.
 B = Non-inter-level travel time spent in this place.
 C = Inter-level travel time spent in this place.
 D = Time resting spent in this place.
 E = Time spent auto-exploring this place.
 F = Levels seen in this place.
 G = Mean time per level.
                   A        B        C        D        E       F      G
               +--------+--------+--------+--------+--------+-----+--------+
         Total |   4650 |   4521 |    129 |    164 |   3584 |   7 |  664.3 |
       Dungeon |   4650 |   4521 |    129 |    164 |   3584 |   7 |  664.3 |
               +--------+--------+--------+--------+--------+-----+--------+

Top non-repeatable levels by time:
     D:2: 1775 daAuts
     D:1: 1228 daAuts
     D:3: 1093 daAuts
     D:6: 322 daAuts
     D:5: 143 daAuts
     D:7: 59 daAuts
     D:4: 28 daAuts
